 Dungeon Crawl Stone Soup version 0.29.0-13-gc9e81de378 (webtiles) character file.

Game seed: 5909546374957199962

123 xian the Sneak (level 5, 0/39 (42) HPs)
             Began as a Kobold Enchanter on Sept 11, 2022.
             Slain by a wight
             ... wielding a +5 mace
              (9 damage)
             ... on level 4 of the Dungeon.
             The game lasted 00:09:00 (3515 turns).

xian the Sneak (Kobold Enchanter)                   Turns: 3515, Time: 00:09:00

HP:   0/39 (42)     AC: 22    Str:  7    XL:     5   Next: 29%
MP:   8/8           EV:  3    Int: 17    God:
Gold: 92            SH:  0    Dex: 15    Spells: 6/8 levels left

rFire   . . .      SeeInvis .   a - +1 dagger
rCold   . . .      Faith    .   (no shield)
rNeg    . . .      Spirit   .   (body armour currently unavailable)
rPois   +          Reflect  .   (helmet currently unavailable)
rElec   .          Harm     .   (cloak currently unavailable)
rCorr   .          Rampage  .   (gloves currently unavailable)
Will    .....      NoTele   +   (boots currently unavailable)
Stlth   ++++......              (no amulet)
HPRegen 0.13/turn               (no ring)
MPRegen 0.11/turn               (no ring)

@: tree-form, drained
A: stationary, stasis, torment immunity, boosted hp, small, no large weapons,
nightstalker 3
a: no special abilities


You were on level 4 of the Dungeon.
You were a tree.
You visited 1 branch of the dungeon, and saw 4 of its levels.

You collected 92 gold pieces.

Inventory:

Hand Weapons
 a - a +1 dagger (weapon)
 j - a +2 sling of freezing
Missiles
 p - 4 poisoned darts
 w - 3 boomerangs (quivered)
Armour
 e - a +0 cloak (melded)
 u - a +0 robe of fire resistance (melded)
 v - a +0 pair of boots
Jewellery
 b - a ring of poison resistance
Scrolls
 g - a scroll of blinking {unknown}
 h - a scroll of amnesia {unknown}
 k - 2 scrolls of vulnerability {unknown}
 n - a scroll of silence {unknown}
 o - 3 scrolls of torment
 r - 4 scrolls of identify {unknown}
 t - 2 scrolls of enchant armour {unknown}
 x - a scroll of enchant weapon {unknown}
Potions
 c - a potion of invisibility
 d - 6 potions of might {unknown}
 f - a potion of lignification
 i - 2 potions of brilliance {unknown}
 l - a potion of attraction {unknown}
 m - a potion of berserk rage {unknown}
 q - 2 potions of curing
 s - a potion of haste {unknown}


   Skills:
 + Level 0.6 Fighting
 + Level 3.1 Short Blades
 + Level 1.9 Ranged Weapons
 + Level 0.2 Throwing
 + Level 3.2 Dodging
 + Level 5.1 Stealth
 + Level 2.4 Spellcasting
 + Level 3.4 Hexes
 + Level 0.2 Ice Magic


You had 6 spell levels left.
You knew the following spells:

 Your Spells              Type           Power      Damage    Failure   Level
a - Ensorcelled Hibernat  Hex/Ice        16%        N/A       13%         2

Your spell library contained the following spells:

 Spells                   Type           Power      Damage    Failure   Level
 Slow                     Hex            52%        N/A       4%          1
 Confusing Touch          Hex            13%        N/A       14%         3
 Tukima's Dance           Hex            13%        N/A       14%         3
 Dazzling Flash           Conj/Hex       14%        N/A       28%         3
 Vampiric Draining        Necr           2%         2d6       50%         3


Dungeon Overview and Level Annotations

Branches:
Dungeon (4/15)
 Temple: D:4-7

Altars:
Dithmenos
Elyvilon
Gozag
Uskayaw
Zin

Annotations:
D:4 2 runed translucent doors, Edmund


Innate Abilities, Weirdness & Mutations

You are a tree.
Your roots penetrate the ground, keeping you stationary.
You cannot be teleported.
You are immune to unholy pain and torment.
Your maximum health is greatly increased.
Your equipment is partially melded.
You are small and have problems with some larger weapons.
You are completely attuned to the shadows.


Message History

You barely miss the wight.
The wight is lightly damaged.
You completely miss the wight.
The wight is lightly damaged.
The wight hits you but does no damage.
You hit the wight but do no damage.
The wight is lightly damaged.
The wight barely misses you.
You closely miss the wight.
The wight is lightly damaged.
The wight hits you with a +5 mace!
* * * LOW HITPOINT WARNING * * *
You closely miss the wight.
The wight is lightly damaged.
The wight hits you but does no damage.
You hit the wight but do no damage.
The wight is lightly damaged.
The wight hits you but does no damage.
You closely miss the wight.
The wight is lightly damaged.
You barely miss the wight.
The wight is lightly damaged.
The wight hits you but does no damage.
You hit the wight but do no damage.
The wight is lightly damaged.
The wight hits you but does no damage.
You hit the wight.
The wight is moderately damaged.
The wight hits you but does no damage.
You hit the wight but do no damage.
The wight is moderately damaged.
The wight hits you but does no damage.
You hit the wight but do no damage.
The wight is moderately damaged.
The wight hits you but does no damage.
You barely miss the wight.
The wight is moderately damaged.
Edmund the Younger comes into view.
He is wielding a +0 flail of holy wrath and wearing a +1 leather armour of fire resistance.
The wight hits you with a +5 mace!
You die...

##8..8##..< #8....8#.#
#|)....#.# #.....)#.#
#8....8#.......#.
###8..8##.##......
+.##''##..##......
#...................
#...........♣z......#
##.#.................#
####..#.........#...)..#
.......................#
#.#####.....@.........)##
................#..)...<##
.#...##..................#
...#..# .....PPPPP...#...#
####.... ..PPP...PPP.....#


You could see Edmund (wandering) and a wight.

Vanquished Creatures
  An orc priest (D:3)
  2 adders
  2 dart slugs
  5 orcs
  6 endoplasms
  4 giant cockroaches
  6 goblins
  6 hobgoblins
  3 jackals (D:2)
  5 kobolds
  4 quokkas
  3 ball pythons (D:2)
  6 bats
  3 frilled lizards
  4 rats
60 creatures vanquished.

Notes
Turn   | Place    | Note
-------+----------+-------------------------------------------
     0 | D:1      | xian the Kobold Enchanter began the quest for the Orb.
     0 | D:1      | Reached XP level 1. HP: 10/10 MP: 3/3
   298 | D:1      | Reached XP level 2. HP: 15/15 MP: 5/5
   311 | D:1      | Learned a level 2 spell: Ensorcelled Hibernation
   721 | D:1      | Reached XP level 3. HP: 19/19 MP: 6/6
  1664 | D:2      | Reached XP level 4. HP: 12/24 MP: 7/7
  2067 | D:3      | Found an opulent altar of Gozag.
  2161 | D:3      | Found a glowing silver altar of Zin.
  2237 | D:3      | Found a white marble altar of Elyvilon.
  2333 | D:4      | Noticed a wight
  2333 | D:4      | Found a large runed translucent door.
  2333 | D:4      | Found a large runed translucent door.
  2333 | D:4      | Found a large runed translucent door.
  2333 | D:4      | Found a large runed translucent door.
  2368 | D:4      | Found a shadowy altar of Dithmenos.
  2608 | D:3      | Reached skill level 1 in Ranged Weapons
  2608 | D:3      | Reached skill level 5 in Stealth
  2608 | D:3      | Reached XP level 5. HP: 13/28 MP: 8/8
  3291 | D:3      | Found a hide-covered altar of Uskayaw.
  3473 | D:4      | Identified the +6 battleaxe of Balance {drain, rC- Int+8
                  | Dex+2}
  3515 | D:4      | Noticed Edmund
  3515 | D:4      | Slain by a wight

Illustrated notes

Levels and vault maps discovered:
D:1:      co_arrival_square_in_a_square_in_a_square, layout_loops_ring,
          reono_crystal_passage, minmay_misc_feat_five
D:2:      layout_rooms, minmay_box_of_dots
D:3:      layout_loops_ring, nicolae_overflow_hidden_temple,
          nicolae_uskayaw_suspiria, elyvilon_altar_5,
          nicolae_gozag_seed_capital, st_stairs_7, grunt_decor_resistance,
          uniq_grinder
D:4:      layout_rooms, mainiacjoe_overflow_catch_the_wave,
          minmay_shop_grid_forest, minmay_hollow_rounded_squares, uniq_edmund,
          uniq_natasha

Skill      XL: |  1  2  3  4  5 |
---------------+----------------+-----
Short Blades   | 2 3 |  3.1
Dodging        | 3 |  3.2
Ranged Weapons | 1 |  1.9
Stealth        | 5 |  5.1
Fighting       | |  0.6
Throwing       | |  0.2
Spellcasting   | |  2.4
Hexes          | |  3.4
Ice Magic      | |  0.2

Action                   |  1- 3 |  4- 6 || total
-------------------------+-------+-------++-------
Melee: Dagger            |   101 |    89 ||   190
       Punch             |     1 |     1 ||     2
 Fire: Sling             |     3 |    20 ||    23
Throw: Dart              |     6 |     1 ||     7
       Boomerang         |       |     1 ||     1
 Cast: Ensorcelled Hiber |     1 |       ||     1
  Use: Potion            |       |     2 ||     2
       Scroll            |       |     1 ||     1
 Stab: Sleeping          |    13 |     7 ||    20
       Distracted        |     1 |       ||     1
       Invisible         |       |     1 ||     1
Armor: Robe              |    16 |    14 ||    30
       Skin              |       |     8 ||     8
Dodge: Dodged            |    75 |    76 ||   151
